Map: Temple of the Past

Players

litttlebird

  • Race: Protoss Protoss
  • Spawn Location: 0:00

ILIEKEGGPIE

  • Race: Protoss Protoss
  • League: Platinum
  • Spawn Location: 0:00

VOD

Have the link to the VOD?

Description

Time

  • Played on: June 5, 2018, 6:40 p.m.
  • Length: 13:44
Show
View Real Time Build Order
Export as new Build Order

litttlebird Protoss 

Build Orders:  

Get SALT Encoding   

  12  0:02  Probe (Chrono Boost)  
  13  0:18  Probe (Chrono Boost)  
  14  0:30  Probe (Chrono Boost)  
  14  0:31  Pylon  
  15  0:45  Probe (Chrono Boost)  
  16  0:50  Pylon  
  16  1:00  Probe (Chrono Boost)  
  16  1:02  Assimilator  
  17  1:12  Probe (Chrono Boost)  
  18  1:27  Forge  
  18  1:28  Probe (Chrono Boost)  
  19  1:40  Probe (Chrono Boost)  
  19  1:47  Assimilator  
  20  1:53  Probe (Chrono Boost)  
  21  2:04  Gateway  
  21  2:05  Probe (Chrono Boost)  
  22  2:17  Probe (Chrono Boost)  
  22  2:29  Photon Cannon  
  23  2:41  Probe (Chrono Boost)  
  24  2:53  Probe (Chrono Boost)  
  25  3:05  Probe (Chrono Boost)  
  26  3:17  Probe (Chrono Boost)  
  27  3:34  Pylon  
  27  3:35  Photon Cannon  
  27  3:37  Photon Cannon  
  27  3:39  Shield Battery  
  27  3:54  Photon Cannon  
  27  3:59  Pylon  
  27  4:03  Shield Battery  
  27  4:08  Pylon  
  27  4:41  Optimized Ordinance  
  27  4:45  Nexus  
  27  5:20  Probe (Chrono Boost)  
  28  5:32  Probe (Chrono Boost)  
  28  5:34  Cybernetics Core  
  29  5:44  Probe (Chrono Boost)  
  30  5:50  Photon Cannon  
  30  5:52  Fortification Barrier  
  30  5:56  Probe (Chrono Boost)  
  31  6:12  Pylon, Probe (Chrono Boost)  
  31  6:17  Pylon  
  32  6:24  Probe (Chrono Boost)  
  32  6:26  Probe (Chrono Boost)  
  32  6:27  Probe (Chrono Boost)  
  32  6:29  Probe (Chrono Boost)  
  40  6:30  Probe (Chrono Boost)  
  33  6:31  Probe (Chrono Boost)  
  38  7:03  Khaydarin Monolith  
  38  7:10  Photon Cannon  
  38  7:16  Pylon  
  38  7:19  Probe x2 (Chrono Boost)  
  40  7:31  Probe x2 (Chrono Boost)  
  40  7:32  Warp Gate  
  40  7:34  Assimilator  
  42  7:43  Probe (Chrono Boost)  
  42  7:48  Stargate  
  43  7:52  Pylon  
  43  8:00  Stargate  
  43  8:06  Gateway  
  43  8:11  Gateway  
  43  8:53  Probe x2 (Chrono Boost)  
  45  9:05  Probe (Chrono Boost)  
  46  9:12  Pylon  
  46  9:20  Photon Cannon  
  46  9:24  Photon Cannon  
  46  9:31  Photon Cannon  
  46  9:33  Shield Battery  
  46  9:57  Pylon  
  45  10:14  Pylon  
  45  10:16  Photon Cannon  
  45  10:19  Photon Cannon  
  45  10:28  Assimilator  
  45  10:36  Pylon  
  45  10:37  Photon Cannon  
  45  10:41  Pylon  
  45  10:42  Photon Cannon  
  45  10:45  Shield Battery  
  45  10:47  Khaydarin Monolith  
  45  10:52  Photon Cannon  
  45  10:58  Pylon  
  45  11:00  Khaydarin Monolith  
  45  11:07  Photon Cannon  
  45  11:10  Photon Cannon  
  45  11:16  Twilight Council  
  45  11:33  Pylon  
  45  11:37  Pylon  
  45  11:44  Photon Cannon  
  45  11:46  Photon Cannon  
  45  11:47  Shield Battery  
  45  11:50  Photon Cannon  
  45  12:04  Pylon  
  45  12:07  Photon Cannon  
  45  12:12  Photon Cannon  
  44  12:25  Sentinel  
  44  12:53  Khaydarin Monolith  
  44  12:56  Photon Cannon  
  44  12:57  Photon Cannon  
  44  12:59  Photon Cannon  
  44  13:01  Pylon  
  44  13:03  Photon Cannon  
  44  13:05  Photon Cannon  
  44  13:07  Photon Cannon  
  44  13:09  Pylon  
  44  13:15  Shield Battery  
  44  13:21  Shield Battery  
  44  13:29  Photon Cannon  
  44  13:38  Pylon  
  44  13:40  Photon Cannon  
Show
View Real Time Build Order
Export as new Build Order

ILIEKEGGPIE Protoss 

Build Orders:  

Get SALT Encoding   

  12  0:00  Probe (Chrono Boost)  
  13  0:12  Probe (Chrono Boost)  
  14  0:25  Pylon  
  14  0:35  Probe (Chrono Boost)  
  15  0:51  Gateway, Probe (Chrono Boost)  
  16  1:03  Probe (Chrono Boost)  
  16  1:07  Assimilator  
  17  1:15  Probe (Chrono Boost)  
  18  1:20  Assimilator  
  18  1:27  Probe (Chrono Boost)  
  18  1:39  Probe (Chrono Boost)  
  20  1:51  Probe (Chrono Boost)  
  20  1:52  Pylon  
  21  2:02  Cybernetics Core  
  21  2:03  Probe (Chrono Boost)  
  22  2:18  Zealot  
  24  2:26  Zealot  
  26  2:49  Probe (Chrono Boost)  
  26  2:52  Gateway  
  27  3:00  Pylon  
  27  3:01  Probe (Chrono Boost)  
  28  3:15  Zealot  
  30  3:27  Dragoon  
  32  4:01  Forge  
  32  4:04  Protoss Ground Weapons Level 1  
  32  4:06  Forge  
  32  4:09  Protoss Ground Armor Level 1  
  32  4:12  Dragoon x2  
  36  4:32  Probe (Chrono Boost)  
  37  4:44  Probe (Chrono Boost)  
  38  4:52  Pylon  
  38  5:21  Photon Cannon  
  38  5:32  Photon Cannon  
  38  5:36  Photon Cannon  
  38  5:54  Pylon  
  38  6:17  Nexus  
  38  6:25  Dragoon  
  40  6:57  Twilight Council  
  40  7:37  Protoss Ground Weapons Level 2  
  40  7:38  Dragoon  
  40  7:39  Dragoon x2  
  46  7:40  Dragoon x2  
  46  7:42  Probe (Chrono Boost)  
  51  7:57  Probe (Chrono Boost)  
  52  8:08  Protoss Ground Armor Level 2  
  52  8:12  Probe (Chrono Boost)  
  53  8:29  Singularity Charge  
  53  8:49  Dragoon  
  55  8:51  Dragoon  
  55  8:57  Assimilator  
  57  9:02  Assimilator  
  57  9:43  Probe (Chrono Boost)  
  57  9:45  Probe (Chrono Boost)  
  59  9:55  Probe (Chrono Boost)  
  60  10:00  Probe (Chrono Boost)  
  60  10:03  Templar Archives  
  60  10:07  Probe (Chrono Boost)  
  62  10:12  Pylon  
  62  10:15  Pylon, Probe (Chrono Boost)  
  62  10:19  Probe (Chrono Boost)  
  63  10:29  Probe (Chrono Boost)  
  65  10:31  Probe (Chrono Boost)  
  65  10:34  Dragoon  
  65  10:35  Dragoon  
  70  10:42  Pylon  
  70  10:52  Pylon  
  70  10:54  Pylon  
  70  11:08  Zealot  
  72  11:11  High Templar x3  
  76  11:30  Archon  
  44  12:20  High Templar x2  
  44  12:22  Zealot  
  44  12:23  Zealot x3  
  44  12:29  Archon  
  32  13:19  Gateway  
  32  13:22  Gateway  
  32  13:25  Gateway  
  32  13:33  Gateway x2  
  32  13:34  Gateway  
Tags
 
Commander
ArtanisKarax
League
Platinum
Matchup
Co-op
Replay Pack
Multi
Add a new tag
Caveats
  • Supply blocks, unpowered buildings, or Contaminate may cause inaccurate times.
  • Supply counts are checked every 10 seconds.